 Dungeon Crawl Stone Soup version 0.17.1-3-g152610e (webtiles) character file.

2303 moxian the Geomancer (level 9, -2/45 HPs)
             Began as a Gargoyle Earth Elementalist on Apr 30, 2016.
             Was a Priest of Vehumet.
             Slain by an orc warrior
             ... wielding a +0 battleaxe
              (21 damage)
             ... on level 5 of the Dungeon.
             The game lasted 00:27:14 (6958 turns).

moxian the Geomancer (Gargoyle Earth Elementalist)  Turns: 6958, Time: 00:27:14

Health: -2/45      AC: 10    Str: 12    XL:     9   Next: 40%
Magic:  4/16       EV: 13    Int: 19    God:    Vehumet [***...]
Gold:   309        SH:  0    Dex: 10    Spells: 5 memorised, 3 levels left

rFire  . . .     SeeInvis .     a - 54 stones
rCold  . . .     Clarity  .     D - +0 robe
rNeg   + . .     SustAt   .     (no shield)
rPois  ∞         Gourm    .     w - +0 helmet
rElec  +         Spirit   .     n - +0 cloak
rCorr  .         Warding  .     (no gloves)
rMut   .         Stasis   .     H - +0 pair of boots
MR     .....                    (no amulet)
Stlth  ++........               (no ring)
                                (no ring)

@: not resistant to hostile enchantments, unstealthy
A: negative energy resistance 1, electricity resistance, unbreathing,
petrification resistance, rot immunity, AC +5
a: Renounce Religion


You were on level 5 of the Dungeon.
You worshipped Vehumet.
Vehumet was most pleased with you.
You were not hungry.

You visited 2 branches of the dungeon, and saw 7 of its levels.
You also visited: Ossuary.

You collected 309 gold pieces.

Inventory:

Hand Weapons
 b - a +1 dagger of electrocution
 O - a +2 dagger of venom
Missiles
 a - 54 stones (in hand)
 A - 22 poisoned needles
Armour
 n - a +0 cloak (worn)
 w - a +0 helmet (worn)
 D - a +0 robe (worn)
 H - a +0 pair of boots (worn)
Wands
 y - a wand of magic darts (25)
 P - a wand of digging (4)
Scrolls
 f - 2 scrolls of enchant armour
 h - 4 scrolls of fear
 k - 2 scrolls of immolation
 m - 4 scrolls of recharging
 o - a scroll of enchant weapon {unknown}
 p - a scroll of random uselessness {unknown}
 q - 3 scrolls of magic mapping {unknown}
 u - 2 scrolls of amnesia {unknown}
 x - 3 scrolls of teleportation {unknown}
 E - 4 scrolls of remove curse {unknown}
 L - a scroll of noise {unknown}
 N - a scroll of identify
Potions
 e - a potion of haste
 r - 3 potions of heal wounds
 s - a potion of agility {unknown}
 t - a potion of cancellation
 v - 3 potions of poison
 z - a potion of lignification {unknown}
 C - a potion of mutation
 F - a potion of might {unknown}
 G - 3 potions of curing {unknown}
 I - a potion of cure mutation {unknown}
 K - 2 potions of brilliance {unknown}
 M - a potion of flight {unknown}
Books
 c - a book of Geomancy

   Spells                             Type                      Level
   a - Sandblast                      Earth                        1
   b - Stoneskin                      Transmutation/Earth          2
   c - Passwall                       Transmutation/Earth          3
   d - Stone Arrow                    Conjuration/Earth            3
   e - Petrify                        Transmutation/Earth          4
   f - Lee's Rapid Deconstruction     Earth                        5
 J - a book of Annihilations

   Spells                             Type                      Level
   a - Poison Arrow                   Conjuration/Poison           6
   b - Chain Lightning                Conjuration/Air              8
   c - Lehudib's Crystal Spear        Conjuration/Earth            8
   d - Glaciate                       Conjuration/Ice              9
   e - Fire Storm                     Conjuration/Fire             9
Comestibles
 d - 4 bread rations
 g - 6 fruits
 i - 2 slices of pizza
 j - a beef jerky
 l - 4 meat rations
 B - 2 chunks of flesh


   Skills:
 + Level 4.7 Dodging
 - Level 2.1 Stealth
 + Level 5.2 Spellcasting
 + Level 5.5 Conjurations
 - Level 0.7 Transmutations
 * Level 10.2 Earth Magic


You had 3 spell levels left.
You knew the following spells:

 Your Spells              Type           Power        Failure   Level  Hunger
a - Sandblast             Erth           #####.       1%          1    None
b - Stone Arrow           Conj/Erth      #####.       1%          3    ##.....
c - Petrify               Trmt/Erth      ####....     14%         4    ####...
d - Lee's Rapid Deconstr  Erth           #####.....   1%          5    #####..
A - Stoneskin             Trmt/Erth      ####....     1%          2    None


Dungeon Overview and Level Annotations

Branches:
Dungeon (6/15)             Temple (1/1) D:5

Altars:
Ashenzari
Dithmenos
Fedhas
Gozag
Makhleb
Nemelex Xobeh
Okawaru
Qazlal
Ru
Sif Muna
Vehumet
Xom
Yredelemnul
Zin
The Shining One


Innate Abilities, Weirdness & Mutations

You are resistant to torment.
Your stone body is resilient (AC +5).
You are immune to poison.
You resist negative energy.
You are resistant to electric shocks.
You can survive without breathing.
You are immune to petrification.
You are immune to rotting.


Message History

Aim: an orc warrior, wielding a battleaxe and wearing a chain mail (severely wounded)
The stone arrow misses the orc warrior.
The orc warrior hits you with a battleaxe!
The orc priest calls upon Beogh to heal the orc warrior.
The orc warrior is healed somewhat.
The orc priest looks braver for a moment.
The orc warrior hits you with a battleaxe!
You climb upwards.
There is a stone staircase leading down here.
Your +1 dagger of electrocution stops crackling.
a - 55 stones (in hand)
Casting: Stone Arrow
Confirm with . or Enter, or press ? or * to list all spells.
Aiming: Sandblast
Press: ? - help, Shift-Dir - straight line, f - orc warrior
Aim: an orc warrior, wielding a battleaxe and wearing a chain mail (moderately wounded)
The rocky blast hits the orc warrior.
The orc warrior is heavily wounded.
The orc warrior hits you with a battleaxe!!
You die...

##<...## ##.#..#......####
#.....###...........## #.
#......##.#...♣...#.## #.
#....#.......♣.♣.....###.
#....####...♣.♣.♣....##..
#....# #..♣.♣.♣.♣......#
#########.♣.♣._.♣.♣..####
#.........♣.♣.♣.♣...#
#......@o..♣.♣.♣...#####
#......[....♣.♣.........
#........#...♣...#......
###.......................
##.........##.#.##.........
#..#.......##...###........
#.....<.(..###.## #........
#.._.####### #.####........
##...# #.............


You could see an orc warrior.

Vanquished Creatures
  An orc warrior (D:5)
  An ice beast (D:5)
  A sky beast (D:5)
  A centaur (D:5)
  An ogre (D:4)
  2 phantoms (D:4)
  A giant frog (D:6)
  5 elf zombies (Ossuary)
  Blork the orc (D:4)
  3 wights
  3 hounds
  2 crimson imps (D:5)
  A giant frog zombie (D:6)
  3 centaur zombies (Ossuary)
  4 human zombies (Ossuary)
  3 orc priests
  A giant frog skeleton (D:5)
  Ijyb (D:3)
  An iguana (D:4)
  A worker ant (D:5)
  6 orc wizards
  A hound skeleton (D:3)
  3 mummies (Ossuary)
  A worker ant zombie (D:3)
  5 adders
  An ooze (D:4)
  5 adder skeletons
  2 worms
  5 giant geckos
  36 orcs
  3 ball pythons (D:3)
  5 giant cockroaches
  7 goblins
  9 hobgoblins
  9 kobolds
  5 quokkas
  10 bats
  A giant cockroach zombie (D:3)
  2 giant gecko skeletons
  3 giant newts
  7 jackals
  2 jackal skeletons
  4 rats
169 creatures vanquished.

Notes
Turn   | Place    | Note
--------------------------------------------------------------
     0 | D:1      | moxian the Gargoyle Earth Elementalist began the quest for the Orb.
     0 | D:1      | Reached XP level 1. HP: 10/10 MP: 3/3
   152 | D:1      | Reached skill level 4 in Earth Magic
   152 | D:1      | Reached XP level 2. HP: 15/15 MP: 0/5
   976 | D:2      | Learned a level 2 spell: Stoneskin
  1025 | D:2      | Reached XP level 3. HP: 13/19 MP: 0/6
  1551 | D:2      | Learned a level 3 spell: Stone Arrow
  1722 | D:3      | Found a radiant altar of Vehumet.
  1731 | D:3      | Reached XP level 4. HP: 20/24 MP: 1/7
  1739 | D:3      | Became a worshipper of Vehumet
  1941 | D:2      | Reached skill level 5 in Earth Magic
  2157 | D:3      | Reached XP level 5. HP: 23/28 MP: 0/9
  2661 | D:3      | Reached * piety under Vehumet
  2661 | D:3      | Offered knowledge of Flame Tongue by Vehumet.
  3156 | D:3      | Noticed Ijyb
  3169 | D:3      | Killed Ijyb
  3382 | D:4      | Reached skill level 6 in Earth Magic
  3388 | D:4      | Reached skill level 1 in Conjurations
  3388 | D:4      | Reached XP level 6. HP: 21/32 MP: 1/10
  3492 | D:4      | Noticed a phantom
  3607 | D:4      | Found a glowing golden altar of the Shining One.
  3978 | D:4      | Noticed Blork the orc
  3984 | D:4      | Killed Blork the orc
  4118 | D:4      | Reached XP level 7. HP: 36/36 MP: 2/12
  4302 | D:4      | Reached skill level 7 in Earth Magic
  4640 | D:4      | Killed a phantom
  4712 | D:5      | Entered Level 5 of the Dungeon
  4850 | D:5      | Found an iron altar of Okawaru.
  4932 | D:5      | Found a sand-covered staircase.
  4937 | Ossuary  | Entered an ossuary
  5003 | Ossuary  | Reached ** piety under Vehumet
  5003 | Ossuary  | Reached XP level 8. HP: 39/41 MP: 14/14
  5015 | Ossuary  | Reached skill level 8 in Earth Magic
  5087 | Ossuary  | Offered knowledge of Throw Flame by Vehumet.
  5294 | Ossuary  | Reached skill level 9 in Earth Magic
  5437 | D:5      | Found a staircase to the Ecumenical Temple.
  5445 | Temple   | Entered the Ecumenical Temple
  5836 | D:5      | Found an opulent altar of Gozag.
  5867 | D:5      | Reached XP level 9. HP: 43/45 MP: 2/16
  6086 | D:5      | Reached skill level 5 in Conjurations
  6120 | D:6      | Offered knowledge of Static Discharge by Vehumet.
  6125 | D:5      | Reached skill level 5 in Spellcasting
  6135 | D:5      | Learned a level 4 spell: Petrify
  6141 | D:5      | Learned a level 5 spell: Lee's Rapid Deconstruction
  6401 | D:6      | Reached skill level 10 in Earth Magic
  6574 | D:6      | Reached *** piety under Vehumet
  6958 | D:5      | Slain by an orc warrior

Action                   |  1- 3 |  4- 6 |  7- 9 || total
-------------------------+-------+-------+-------++-------
Melee: Unarmed           |     7 |    37 |       ||    44
       Dagger            |       |    24 |   157 ||   181
Throw: Stone             |       |     1 |       ||     1
 Cast: Sandblast         |    65 |    75 |    94 ||   234
       Stone Arrow       |       |    18 |    60 ||    78
  Use: Scroll            |       |     7 |     1 ||     8
 Stab: Sleeping          |     1 |     1 |       ||     2
       Distracted        |       |       |     1 ||     1
  Eat: Chunk             |     3 |     9 |    13 ||    25
